 Dungeon Crawl Stone Soup version 0.19.0-24-gb05acd6 (webtiles) character file.

2699 Fartwhistle the Ruffian (level 9, 0/70 HPs)
             Began as a Naga Transmuter on Nov 20, 2016.
             Was a Follower of Cheibriados.
             Slain by an orc (4 damage)
             ... on level 7 of the Dungeon.
             The game lasted 00:26:16 (10495 turns).

Fartwhistle the Ruffian (Naga Transmuter)          Turns: 10495, Time: 00:26:17

Health: 0/70       AC:  2    Str: 17    XL:     9   Next: 65%
Magic:  14/16      EV: 21    Int: 16    God:    Cheibriados [*.....]
Gold:   279        SH:  0    Dex: 19    Spells: 4 memorised, 7 levels left

rFire  + . .     SeeInvis +       - Unarmed
rCold  . . .     Gourm    .     (armour currently unavailable)
rNeg   . . .     Faith    .     (shield currently unavailable)
rPois  x         Spirit   .     (helmet currently unavailable)
rElec  .         Reflect  .     (cloak currently unavailable)
rCorr  .         Harm     .     (gloves currently unavailable)
MR     +....                    (no barding)
Stlth  ++........               m - amulet of magic regeneration
                                g - ring of flight
                                x - ring of protection from fire

@: lethally poisoned (0 -> -2), spider-form (expiring), very slightly
contaminated, very slow
A: see invisible, (deformed body), (poison resistance), (slowness 0), slow
metabolism 1, spit poison 1, AC +3
a: Spit Poison, End Transformation, Bend Time, Renounce Religion, Evoke Flight


You were on level 7 of the Dungeon.
You worshipped Cheibriados.
Cheibriados was aware of your devotion.
You were not hungry.
You were a venomous arachnid creature.
You visited 2 branches of the dungeon, and saw 8 of its levels.

You collected 279 gold pieces.

Inventory:

Missiles
 a - 92 arrows
Armour
 b - a +0 robe (melded)
 i - a +0 buckler
   (You found it on level 1 of the Dungeon)
 j - a +0 ring mail of poison resistance
   (You took it off an orc on level 5 of the Dungeon)
Jewellery
 g - a ring of flight (right front leg)
   (You found it on level 1 of the Dungeon)
 m - an amulet of magic regeneration (around neck)
   (You found it on level 2 of the Dungeon)
 x - a ring of protection from fire (left front leg)
   (You found it on level 4 of the Dungeon)
Wands
 B - a wand of enslavement (16/24)
   (You found it on level 5 of the Dungeon)
 E - a wand of iceblast (10/15)
   (You found it on level 6 of the Dungeon)
Scrolls
 f - 3 scrolls of enchant weapon
 h - 3 scrolls of recharging
 k - a scroll of remove curse
 o - 2 scrolls of enchant armour {unknown}
 q - 2 scrolls of blinking
 s - a scroll of amnesia {unknown}
 u - a scroll of teleportation {unknown}
 D - a scroll of noise {unknown}
Potions
 e - 7 potions of curing
 l - a potion of magic {unknown}
 n - a potion of heal wounds
 p - a potion of resistance {unknown}
 r - 3 potions of lignification
 t - a potion of agility {unknown}
 v - a potion of brilliance {unknown}
 w - a potion of haste
 z - a potion of flight {unknown}
 A - 2 potions of degeneration {unknown}
Books
 c - a book of Changes
 y - a book of Cantrips
   (You found it on level 4 of the Dungeon)
Comestibles
 d - a bread ration
 C - a meat ration


   Skills:
 - Level 1.0 Fighting
 + Level 3.5 Armour
 + Level 3.3 Dodging
 * Level 7.9 Unarmed Combat
 - Level 5.0 Spellcasting
 + Level 7.6 Transmutations


You had 7 spell levels left.
You knew the following spells:

 Your Spells              Type           Power        Failure   Level  Hunger
a - Beastly Appendage     Tmut           ####..       4%          1    None
b - Sticks to Snakes      Tmut           ####....     6%          2    #......
c - Spider Form           Tmut/Pois      ###.......   28%         3    ###....
d - Blade Hands           Tmut           ####......   41%         5    ######.


Dungeon Overview and Level Annotations

Branches:
Dungeon (7/15)             Temple (1/1) D:5

Altars:
Cheibriados
Dithmenos
Elyvilon
Fedhas
Hepliaklqana
Kikubaaqudgha
Makhleb
Nemelex Xobeh
Okawaru
Qazlal
Sif Muna
Trog
Uskayaw
Vehumet
Xom
Yredelemnul
The Shining One

Shops:
D:4 %

Annotations:
D:7 1 exclusion


Innate Abilities, Weirdness & Mutations

You cannot wear boots.
((Your serpentine skin is tough. (AC +3)))
You have supernaturally acute eyesight. (SInv)
((Armour fits poorly on your strangely shaped body.))
((Your system is resistant to poisons. (rPois)))
((You cover ground very slowly.))
You have a slow metabolism.
You can spit poison.


Message History

The arrow barely misses you.
The centaur shoots an arrow.
The arrow misses you.
The centaur shoots an arrow.
The arrow barely misses you.
The centaur shoots an arrow.
The arrow hits you!
An adder comes into view.
You take 11 damage, and have 59/70 hp.
The centaur shoots an arrow.
The arrow hits you!
* * * LOW HITPOINT WARNING * * *
The centaur shoots an arrow.
The arrow closely misses you.
The adder hisses angrily.
An orc comes into view. It is wielding a club.
You see here an arrow.
You take 11 damage, and have 48/70 hp.
The centaur shoots an arrow.
The arrow misses you.
The centaur shoots an arrow.
The arrow hits you!
* * * LOW HITPOINT WARNING * * *
The centaur shoots an arrow.
The arrow hits you.
* * * LOW HITPOINT WARNING * * *
A howler monkey comes into view.
You see here 2 arrows.
You take 11 damage, and have 37/70 hp.
You miscast Spider Form.
You are very lightly contaminated with residual magic.
Your skin tingles.
The centaur shoots an arrow.
The arrow hits you!
* * * LOW HITPOINT WARNING * * *
The howler monkey moves out of view.
The orc drinks a potion.
The orc flickers and vanishes for a moment.
An orc comes into view.
The orc shouts!
You take 13 damage, and have 24/70 hp.
You now have 13/16 mp.
Aim: an adder The splash of poison hits the adder.
The adder is poisoned.
You feel slightly more hungry. The adder bites you but does no damage.
An orc comes into view. It is wielding a hand axe.
Unknown command.
You turn into a venomous arachnid creature.
Your +0 robe melds into your body.
The orc shouts!
The centaur unwields an uncursed shortbow.
The centaur hits you.
* * * LOW HITPOINT WARNING * * *
The adder bites you.
* * * LOW HITPOINT WARNING * * *
You are poisoned.
The adder poisons you!
You take 5 damage, and have 19/70 hp.
You now have 11/16 mp.
You bite the centaur!
The centaur looks as sick as possible!
You kill the adder!
Cheibriados appreciates the change of pace.
The centaur hits you.
* * * LOW HITPOINT WARNING * * *
The centaur completely misses you.
You take 2 damage, and have 17/70 hp.
You hit the centaur.
The centaur looks as sick as possible!
You have got your breath back.
The orc completely misses you. The centaur hits you.
* * * LOW HITPOINT WARNING * * *
You take 2 damage, and have 15/70 hp.
Unknown command.
You barely miss the centaur.
You kill the centaur!
Cheibriados thoroughly appreciates the change of pace.
The howler monkey hoots and howls with incredible vigour!
The orc completely misses you.
You hear an angry buzzing noise.
You hear a shout! x3
You hit the orc.
Your transformation is almost over.
You take 1 damage, and have 14/70 hp.
You hit the orc.
The howler monkey completely misses you.
Unknown command.
You bite the howler monkey!
The howler monkey looks as sick as possible!
The orc misses you. The howler monkey closely misses you.
You take 1 damage, and have 14/70 hp.
Unknown command.
You bite the howler monkey!
You kill the howler monkey!
Cheibriados thoroughly appreciates the change of pace.
The orc misses you. x2
Unknown command.
You barely miss the orc. The orc closely misses you. The orc misses you.
The orc hits you with a club.
* * * LOW HITPOINT WARNING * * *
You take 7 damage, and have 7/70 hp.
Unknown command.
You hit the orc. The orc closely misses you. The orc misses you.
The orc completely misses you.
You hit the orc.
You kill the orc!
Cheibriados appreciates the change of pace.
The orc hits you.
* * * LOW HITPOINT WARNING * * *
You take 3 damage, and have 4/70 hp.
Unknown command.
You bite the orc!
You kill the orc!
Cheibriados thoroughly appreciates the change of pace.
The orc barely misses you.
You barely miss the orc. The orc hits you.
You die...

#...## .## ##...######..#
##........#(#
###########.........
#.......†........[..
#..........(...#####
................### ###
#..........(....))###.....
#..............(so(.......
#............#####....####
###.......#### ##..#....
##......### .......
#......## ....... #....###
....... ...### ..c....
#### .......


You could see an orc.

Vanquished Creatures
  Pikel (D:4)
  A hippogriff (D:7)
  Eustachio (D:6)
  Duvessa (D:4)
  A slave (D:4)
  3 eyes of draining
  An ogre (D:6)
  A centaur (D:7)
  2 bullfrogs
  Dowan (D:4)
  3 scorpions
  3 killer bees (D:7)
  2 howler monkeys
  3 crimson imps
  A centaur zombie (D:5)
  A hound (D:5)
  2 orc wizards
  2 orc priests
  Ijyb (D:3)
  5 worker ants
  A hound skeleton (D:5)
  8 gnolls
  A howler monkey skeleton (D:4)
  8 adders
  2 shadow imps
  An adder skeleton (D:4)
  3 worms
  2 dart slugs
  2 leopard geckos (D:3)
  15 orcs
  7 giant cockroaches
  8 goblins
  11 hobgoblins
  7 jackals
  2 quokkas (D:3)
  4 ball pythons
  8 bats
  4 frilled lizards
  7 kobolds
  A quokka skeleton (D:4)
  8 rats
146 creatures vanquished.

Vanquished Creatures (collateral kills)
  Menkaure (D:6)
  A centaur (D:6)
  An orc wizard (D:4)
  An adder (D:4)
  An orc (D:4)
  A leopard gecko skeleton (D:6)
6 creatures vanquished.

Vanquished Creatures (others)
  An orc wizard (D:4)
  An orc (D:4)
2 creatures vanquished.

Grand Total: 154 creatures vanquished

Notes
Turn   | Place    | Note
-------+----------+-------------------------------------------
     0 | D:1      | Fartwhistle the Naga Transmuter began the quest for the Orb.
     0 | D:1      | Reached XP level 1. HP: 18/18 MP: 3/3
   293 | D:1      | Reached XP level 2. HP: 21/25 MP: 5/5
  1157 | D:1      | Reached XP level 3. HP: 12/31 MP: 6/6
  2089 | D:2      | Reached skill level 3 in Transmutations
  2322 | D:2      | Reached XP level 4. HP: 38/38 MP: 8/8
  2938 | D:3      | Learned a level 2 spell: Sticks to Snakes
  2942 | D:3      | Learned a level 3 spell: Spider Form
  3092 | D:3      | Reached skill level 3 in Spellcasting
  3154 | D:3      | Noticed Ijyb
  3164 | D:3      | Killed Ijyb
  3164 | D:3      | Reached XP level 5. HP: 42/44 MP: 6/9
  3638 | D:3      | Found a shimmering altar of Xom.
  3639 | D:3      | Found a hazy altar of Hepliaklqana.
  3639 | D:3      | Noticed a torpor snail
  3640 | D:3      | Noticed a spectral ugly thing
  3640 | D:3      | Noticed a torpor snail
  3712 | D:3      | Found an iron altar of Okawaru.
  3743 | D:3      | Reached skill level 4 in Unarmed Combat
  3744 | D:3      | HP: 10/44 [kobold (3)]
  4250 | D:3      | HP: 8/44 [worm (7)]
  4612 | D:4      | Reached skill level 4 in Transmutations
  4624 | D:4      | Noticed Pikel
  4828 | D:4      | HP: 11/44 [poisoned by an adder]
  4829 | D:4      | Reached XP level 6. HP: 8/51 MP: 4/11
  4834 | D:4      | HP: 6/51 [poisoned by an adder]
  4841 | D:4      | HP: 6/51 [poisoned by an adder]
  5538 | D:4      | HP: 9/51 [howler monkey skeleton (5)]
  5540 | D:4      | HP: 4/51 [howler monkey skeleton (5)]
  5541 | D:4      | HP: 1/51 [howler monkey skeleton (3)]
  5907 | D:4      | Noticed a slave
  5907 | D:4      | Noticed a slave
  5918 | D:4      | Noticed a slave
  5939 | D:4      | Killed a slave
  6312 | D:4      | Noticed a slave
  6336 | D:4      | Killed Pikel
  6336 | D:4      | Reached skill level 5 in Unarmed Combat
  6336 | D:4      | Reached skill level 4 in Spellcasting
  6336 | D:4      | Reached skill level 6 in Transmutations
  6336 | D:4      | Reached XP level 7. HP: 15/57 MP: 9/13
  6575 | D:4      | Noticed Duvessa
  6579 | D:4      | Noticed Dowan
  6591 | D:4      | Killed Duvessa
  6644 | D:4      | Found Ranos's Food Emporium.
  6763 | D:4      | Killed Dowan
  6763 | D:4      | Reached skill level 1 in Armour
  6763 | D:4      | Reached XP level 8. HP: 52/64 MP: 14/14
  6865 | D:5      | Entered Level 5 of the Dungeon
  7458 | D:5      | Found a glowing golden altar of the Shining One.
  7599 | D:5      | Reached skill level 5 in Spellcasting
  7840 | D:5      | Found a staircase to the Ecumenical Temple.
  7846 | Temple   | Entered the Ecumenical Temple
  7861 | Temple   | Became a worshipper of Cheibriados the Contemplative
  8034 | D:5      | Reached skill level 2 in Armour
  8034 | D:5      | Reached skill level 2 in Dodging
  8034 | D:5      | Reached skill level 6 in Unarmed Combat
  8141 | D:5      | Found a bloodstained altar of Trog.
  8252 | D:5      | Learned a level 5 spell: Blade Hands
  8549 | D:6      | Noticed Menkaure
  8580 | D:6      | Killed Menkaure
  8580 | D:6      | Reached skill level 7 in Transmutations
  8580 | D:6      | Reached XP level 9. HP: 36/70 MP: 10/16
  8604 | D:6      | HP: 12/70 [centaur/arrow (6)]
  8863 | D:6      | Reached skill level 7 in Unarmed Combat
  8866 | D:6      | HP: 13/70 [orc/mace (7)]
  9181 | D:6      | Noticed Eustachio
  9208 | D:6      | Killed Eustachio
  9340 | D:6      | Reached skill level 3 in Armour
 10256 | D:6      | Reached * piety under Cheibriados
 10343 | D:7      | Reached skill level 3 in Dodging
 10484 | D:7      | HP: 17/70 [centaur (1)]
 10489 | D:7      | HP: 14/70 [poisoned by an adder]
 10493 | D:7      | HP: 6/70 [poisoned by an adder]
 10495 | D:7      | Slain by an orc

Skill      XL: |  1  2  3  4  5  6  7  8  9 |
---------------+----------------------------+-----
Transmutations | 3 4 6 7 |  7.6
Spellcasting   | 3 4 5 |  5.0
Unarmed Combat | 4 5 6 7 |  7.9
Armour         | 1 2 3 |  3.5
Dodging        | 2 3 |  3.3
Fighting       | |  1.0

Action                   |  1- 3 |  4- 6 |  7- 9 || total
-------------------------+-------+-------+-------++-------
Melee: Unarmed           |   122 |   264 |   279 ||   665
       Punch             |     2 |     2 |     3 ||     7
       Headbutt          |     2 |     4 |       ||     6
 Cast: Beastly Appendage |     1 |     4 |       ||     5
       Spider Form       |       |     4 |    15 ||    19
       Sticks to Snakes  |       |     6 |     7 ||    13
 Abil: Spit Poison       |    12 |    25 |    26 ||    63
  Use: Scroll            |       |     1 |     8 ||     9
       Potion            |       |       |     1 ||     1
 Stab: Sleeping          |     1 |       |       ||     1
  Eat: Chunk             |     4 |     9 |     8 ||    21
       Bread ration      |       |     1 |     1 ||     2
Armor: Robe              |    16 |    57 |    25 ||    98
       Skin              |       |     1 |     4 ||     5
Dodge: Dodged            |    66 |   168 |   183 ||   417

Vault maps used:
D:1:      dpeg_arrival_connections
D:3:      regret_index_temple_of_mockery, okawaru_altar_gauntlet_db,
          guppyfry_early_orc_mine, uniq_iyjb
D:4:      first_bread, serial_shops, nicolae_shop_waterfront, uniq_duvessa,
          uniq_pikel
D:5:      trog_eyes_of_draining, nicolae_tso_carved_into_rock
D:6:      uniq_menkaure, uniq_eustachio
D:7:      nicolae_whirlpool
Temple:   cyrus_circular_temple

Table legend:
 A = Turns spent in this place as a percentage of turns spent in the entire game.
 B = Non-inter-level travel turns spent in this place as a percentage of non-inter-level travel turns spent in the entire game.
 C = Inter-level travel turns spent in this place as a percentage of turns spent in this place.
 D = Turns resting spent in this place as a percentage of non-inter-level travel turns spent in this place.
 E = Turns spent auto-exploring this place as a percentage of non-inter-level travel turns spent in this place.
 F = Non-inter-level travel turns spent in this place divided by the number of levels of this place that you've seen.
                   A       B       C       D       E      F
               +-------+-------+-------+-------+-------+----------------------
         Total | 100.0 | 100.0 |   0.6 |   5.7 |   7.1 | 253.4
       Dungeon |  95.2 |  95.2 |   0.6 |   5.8 |   7.4 | 275.6
        Temple |   4.8 |   4.8 |   0.0 |   3.1 |   0.0 |  98.0
               +-------+-------+-------+-------+-------+----------------------

Table legend:
 A = Kills in this place as a percentage of kills in entire the game.
 B = Kills by you in this place as a percentage of kills by you in the entire game.
 C = Kills by friends in this place as a percentage of kills by friends in the entire game.
 D = Other kills in this place as a percentage of other kills in the entire game.
 E = Experience gained in this place as a percentage of experience gained in the entire game.
 F = Experience gained in this place divided by the number of levels of this place that you have seen.
                   A       B       C       D       E      F
               +-------+-------+-------+-------+-------+----------------------
         Total | 100.0 | 100.0 | 100.0 |  -nan | 100.0 | 482.0
       Dungeon |  98.0 |  97.9 | 100.0 |  -nan |  95.3 | 524.9
        Temple |   2.0 |   2.1 |   0.0 |  -nan |   4.7 | 182.0
               +-------+-------+-------+-------+-------+----------------------
